TOP OF THE 1ST |
Salt Lake City Buzz batting - Pitching for Sioux Falls Red Pandas : RHP Bob Warford
|
Pitching: RHP Bob Warford
|
|
Batting: LHB Bob Daugherty
|
0-0: Ball 1-0: Swinging Strike 1-1: Ball 2-1: Foul Ball, location: 2F 2-2: Ground out 6-3 (Groundball, 6M)
|
Batting: RHB Germán Espantoso
|
0-0: Foul Ball, location: 2F 0-1: Ball 1-1: Fly out, F8 (Flyball, 8RM)
|
Batting: RHB Bill Chaundler
|
0-0: Swinging Strike 0-1: Ball 1-1: Called Strike 1-2: Ball 2-2: Ball 3-2: Foul Ball, location: 2F 3-2: Base on Balls
|
Batting: LHB Jackson Curry
|
0-0: Called Strike 0-1: SINGLE (Groundball, 4D) Bill Chaundler to second Runner from 2nd tries for 3rd, SAFE, no throw
|
Batting: RHB Luo-lang Li
|
0-0: Ball 1-0: Ball 2-0: Ball 3-0: Base on Balls Jackson Curry to second
|
Batting: LHB Orlando Casillas
|
0-0: Swinging Strike 0-1: Foul Ball, location: 2F 0-2: Foul Ball, location: 2F 0-2: Strikes out swinging
|
Top of the 1st over - 0 runs, 1 hit, 0 errors, 3 left on base; Salt Lake City 0 - Sioux Falls 0 |
BOTTOM OF THE 1ST |
Sioux Falls Red Pandas batting - Pitching for Salt Lake City Buzz : LHP Tony Smehrik
|
Pitching: LHP Tony Smehrik
|
|
Batting: LHB Jorge Vélez
|
0-0: Called Strike 0-1: Ball 1-1: Ball 2-1: Foul Ball, location: 2F 2-2: Ground out 3-1 (Groundball, 34)
|
Batting: RHB Wilfred McLaughlin
|
0-0: Ball 1-0: Called Strike 1-1: Swinging Strike 1-2: Foul Ball, location: 2F 1-2: Strikes out swinging
|
Batting: RHB Gary Chalmers
|
0-0: Fly out, F2 (Popup, 23F)
|
Bottom of the 1st over - 0 runs, 0 hits, 0 errors, 0 left on base; Salt Lake City 0 - Sioux Falls 0 |
TOP OF THE 2ND |
Salt Lake City Buzz batting - Pitching for Sioux Falls Red Pandas : RHP Bob Warford
|
Batting: RHB Cooper Lowe
|
0-0: Called Strike 0-1: Ball 1-1: Swinging Strike 1-2: Ball 2-2: Ball 3-2: Foul Ball, location: 2F 3-2: Foul Ball, location: 2F 3-2: Strikes out looking
|
Batting: RHB Olaf Esveld
|
0-0: Ball 1-0: Foul Ball, location: 2F 1-1: Called Strike 1-2: Ground out 5-3 (Groundball, 5)
|
Batting: RHB Jung-hwan Kwon
|
0-0: Ball 1-0: Ground out 5-3 (Groundball, 56S)
|
Top of the 2nd over - 0 runs, 0 hits, 0 errors, 0 left on base; Salt Lake City 0 - Sioux Falls 0 |
BOTTOM OF THE 2ND |
Sioux Falls Red Pandas batting - Pitching for Salt Lake City Buzz : LHP Tony Smehrik
|
Batting: RHB Martinus Xhaka
|
0-0: Ball 1-0: Called Strike 1-1: Ground out 4-3 (Groundball, 4)
|
Batting: RHB Steve Irwin
|
0-0: Foul Ball, location: 2F 0-1: Ball 1-1: Fly out, F8 (Flyball, 8RXD)
|
Batting: LHB Robby Young
|
0-0: Ball 1-0: Foul Ball, location: 2F 1-1: Called Strike 1-2: Fly out, F4 (Popup, 4)
|
Bottom of the 2nd over - 0 runs, 0 hits, 0 errors, 0 left on base; Salt Lake City 0 - Sioux Falls 0 |
TOP OF THE 3RD |
Salt Lake City Buzz batting - Pitching for Sioux Falls Red Pandas : RHP Bob Warford
|
Batting: LHB Bob Daugherty
|
0-0: Ball 1-0: Ball 2-0: Swinging Strike 2-1: Fly out, F7 (Flyball, 7LS)
|
Batting: RHB Germán Espantoso
|
0-0: Ball 1-0: Swinging Strike 1-1: Ground out 6-3 (Groundball, 6)
|
Batting: RHB Bill Chaundler
|
0-0: Called Strike 0-1: Ball 1-1: Called Strike 1-2: Strikes out looking
|
Top of the 3rd over - 0 runs, 0 hits, 0 errors, 0 left on base; Salt Lake City 0 - Sioux Falls 0 |
BOTTOM OF THE 3RD |
Sioux Falls Red Pandas batting - Pitching for Salt Lake City Buzz : LHP Tony Smehrik
|
Batting: SHB Kilipaki Malamapono
|
0-0: Swinging Strike 0-1: Ground out 6-3 (Groundball, 6)
|
Batting: LHB Richello Mabait
|
0-0: Fly out, F8 (Flyball, 8LD)
|
Batting: LHB Tim Waters
|
0-0: Ball 1-0: Ball 2-0: Ball 3-0: Base on Balls
|
Batting: LHB Jorge Vélez
|
0-0: Ball 1-0: Ball 2-0: Ball 3-0: Base on Balls Tim Waters to second
|
Batting: RHB Wilfred McLaughlin
|
0-0: Ball 1-0: Ball 2-0: Ball 3-0: Base on Balls Tim Waters to third Jorge Vélez to second
|
Batting: RHB Gary Chalmers
|
0-0: Ground out 5-3 (Groundball, 5S)
|
Bottom of the 3rd over - 0 runs, 0 hits, 0 errors, 3 left on base; Salt Lake City 0 - Sioux Falls 0 |
TOP OF THE 4TH |
Salt Lake City Buzz batting - Pitching for Sioux Falls Red Pandas : RHP Bob Warford
|
Pitching: RHP José Marroquín
|
|
Batting: LHB Jackson Curry
|
0-0: Foul Ball, location: 2F 0-1: Called Strike 0-2: Foul Ball, location: 2F 0-2: Ball 1-2: Ground out 4-3 (Groundball, 4M)
|
Batting: RHB Luo-lang Li
|
0-0: Ball 1-0: Ball 2-0: Foul Ball, location: 2F 2-1: Ball 3-1: Base on Balls
|
Batting: LHB Orlando Casillas
|
Pickoff Throw to First - Out! 0-0: SINGLE (Groundball, 6D)
|
Batting: RHB Cooper Lowe
|
0-0: Ball 1-0: Called Strike 1-1: Ball 2-1: Ball 3-1: DOUBLE (Flyball, 89D) Orlando Casillas to third Runner from 3rd tries for Home, SAFE, throw made at trailing runner, OUT at third!
|
Top of the 4th over - 1 run, 2 hits, 0 errors, 0 left on base; Salt Lake City 1 - Sioux Falls 0 |
BOTTOM OF THE 4TH |
Sioux Falls Red Pandas batting - Pitching for Salt Lake City Buzz : LHP Tony Smehrik
|
Batting: RHB Martinus Xhaka
|
0-0: Called Strike 0-1: Ball 1-1: SOLO HOME RUN (Flyball, 9LD), Distance : 356 ft
|
Pitching: RHP Hiroaki Nakagawa
|
|
Batting: RHB Steve Irwin
|
0-0: Ball 1-0: Swinging Strike 1-1: Ball 2-1: Ball 3-1: Foul Ball, location: 2F 3-2: Base on Balls
|
Batting: LHB Robby Young
|
0-0: Called Strike 0-1: Ground out U3 (Groundball, 34) Steve Irwin to second
|
Batting: SHB Kilipaki Malamapono
|
0-0: SINGLE (Groundball, 34D) Steve Irwin to third
|
Batting: LHB Richello Mabait
|
0-0: Ball 1-0: Foul Ball, location: 2F 1-1: Foul Ball, location: 2F 1-2: Ball 2-2: Ball 3-2: Base on Balls Kilipaki Malamapono to second
|
Batting: LHB Tim Waters
|
0-0: Called Strike 0-1: Ball 1-1: Ball 2-1: Fly out, F5 (Popup, 5DF)
|
Batting: LHB Jorge Vélez
|
0-0: Ground out 1-3 (Groundball, P)
|
Bottom of the 4th over - 1 run, 2 hits, 0 errors, 3 left on base; Salt Lake City 1 - Sioux Falls 1 |
TOP OF THE 5TH |
Salt Lake City Buzz batting - Pitching for Sioux Falls Red Pandas : RHP José Marroquín
|
Batting: RHB Olaf Esveld
|
0-0: Ball 1-0: Fly out, F8 (Flyball, 8RD)
|
Batting: RHB Jung-hwan Kwon
|
0-0: Called Strike 0-1: Ball 1-1: Ball 2-1: SINGLE (Groundball, 34D)
|
Batting: LHB Bob Daugherty
|
0-0: Foul Ball, location: 2F 0-1: Foul Ball, location: 2F 0-2: Strikes out swinging Jung-hwan Kwon steals 2nd base Batter strikes out.
|
Batting: RHB Germán Espantoso
|
0-0: Hit by Pitch
|
Batting: RHB Bill Chaundler
|
0-0: Ball 1-0: Ball 2-0: Called Strike 2-1: Foul Ball, location: 2F 2-2: Ball 3-2: Foul Ball, location: 2F 3-2: Ground out 5-3 (Groundball, 5)
|
Top of the 5th over - 0 runs, 1 hit, 0 errors, 2 left on base; Salt Lake City 1 - Sioux Falls 1 |
BOTTOM OF THE 5TH |
Sioux Falls Red Pandas batting - Pitching for Salt Lake City Buzz : RHP Hiroaki Nakagawa
|
Batting: RHB Wilfred McLaughlin
|
0-0: Called Strike 0-1: Ground out 3-1 (Groundball, 34S)
|
Batting: RHB Gary Chalmers
|
0-0: Called Strike 0-1: Foul Ball, location: 2F 0-2: Ball 1-2: SINGLE (Line Drive, 4M)
|
Batting: RHB Martinus Xhaka
|
0-0: Called Strike 0-1: Ball 1-1: Ball 2-1: Called Strike 2-2: Strikes out looking
|
Batting: RHB Steve Irwin
|
0-0: Ball 1-0: Called Strike 1-1: Ball 2-1: Fly out, F7 (Flyball, 7LS)
|
Bottom of the 5th over - 0 runs, 1 hit, 0 errors, 1 left on base; Salt Lake City 1 - Sioux Falls 1 |
TOP OF THE 6TH |
Salt Lake City Buzz batting - Pitching for Sioux Falls Red Pandas : RHP José Marroquín
|
Batting: LHB Jackson Curry
|
0-0: Ball 1-0: Ball 2-0: Called Strike 2-1: Fly out, F5 (Popup, 5SF)
|
Batting: RHB Luo-lang Li
|
0-0: Ball 1-0: Called Strike 1-1: Foul Ball, location: 2F 1-2: Foul Ball, location: 2F 1-2: Ground out 6-3 (Groundball, 56)
|
Batting: LHB Orlando Casillas
|
0-0: Called Strike 0-1: Foul Ball, location: 2F 0-2: Ball 1-2: Ball 2-2: Ball 3-2: Base on Balls
|
Batting: RHB Cooper Lowe
|
0-0: Called Strike 0-1: Foul Ball, location: 2F 0-2: Ball 1-2: SINGLE (Groundball, 6) (infield hit) Orlando Casillas to second
|
Pitching: RHP Cris Herrera
|
|
Batting: RHB Olaf Esveld
|
0-0: Ball 1-0: Ball 2-0: Called Strike 2-1: Foul Ball, location: 2F 2-2: Strikes out looking
|
Top of the 6th over - 0 runs, 1 hit, 0 errors, 2 left on base; Salt Lake City 1 - Sioux Falls 1 |
BOTTOM OF THE 6TH |
Sioux Falls Red Pandas batting - Pitching for Salt Lake City Buzz : RHP Hiroaki Nakagawa
|
Batting: LHB Robby Young
|
0-0: Ball 1-0: Foul Ball, location: 2F 1-1: Ball 2-1: Swinging Strike 2-2: Ball 3-2: Strikes out swinging
|
Batting: SHB Kilipaki Malamapono
|
0-0: Foul Ball, location: 2F 0-1: Ball 1-1: Foul Ball, location: 2F 1-2: Ball 2-2: Foul Ball, location: 2F 2-2: Ball 3-2: Ground out 5-3 (Groundball, 56)
|
Batting: LHB Richello Mabait
|
0-0: Ground out 6-3 (Groundball, 6)
|
Bottom of the 6th over - 0 runs, 0 hits, 0 errors, 0 left on base; Salt Lake City 1 - Sioux Falls 1 |
TOP OF THE 7TH |
Salt Lake City Buzz batting - Pitching for Sioux Falls Red Pandas : RHP Cris Herrera
|
Batting: RHB Jung-hwan Kwon
|
0-0: Ball 1-0: Ball 2-0: Fly out, F9 (Flyball, 9D)
|
Batting: LHB Bob Daugherty
|
0-0: Called Strike 0-1: SINGLE (Flyball, 78S)
|
Batting: RHB Germán Espantoso
|
0-0: Fielders Choice at 2nd, 6-4 (Groundball, 6)
|
Batting: RHB Bill Chaundler
|
0-0: Foul Ball, location: 2F 0-1: Called Strike 0-2: Fly out, F8 (Flyball, 8LXD)
|
Top of the 7th over - 0 runs, 1 hit, 0 errors, 1 left on base; Salt Lake City 1 - Sioux Falls 1 |
BOTTOM OF THE 7TH |
Sioux Falls Red Pandas batting - Pitching for Salt Lake City Buzz : RHP Hiroaki Nakagawa
|
Batting: LHB Tim Waters
|
0-0: Ball 1-0: Ball 2-0: Called Strike 2-1: SINGLE (Line Drive, 78S)
|
Pinch Hitting: LHB Terrence Eler
|
0-0: Ball 1-0: Called Strike 1-1: Ground out 4-3 (Groundball, 34) Tim Waters to second
|
Batting: RHB Wilfred McLaughlin
|
0-0: Ball 1-0: Called Strike 1-1: SINGLE (Line Drive, 6MD) Tim Waters to third Runner from 3rd tries for Home, SAFE, throw made home
|
Batting: RHB Gary Chalmers
|
0-0: Called Strike 0-1: Grounds into double play, 5-4-3 (Groundball, 56)
|
Bottom of the 7th over - 1 run, 2 hits, 0 errors, 0 left on base; Salt Lake City 1 - Sioux Falls 2 |
TOP OF THE 8TH |
Salt Lake City Buzz batting - Pitching for Sioux Falls Red Pandas : RHP Cris Herrera
|
Now at 1B: Terrence Eler
|
|
Now at 3B: António Granados
|
|
Batting: LHB Jackson Curry
|
0-0: DOUBLE (Line Drive, 78XD)
|
Pinch Runner at 2nd Yoichibei Chikafuji:
|
|
Batting: RHB Luo-lang Li
|
0-0: Foul Ball, location: 2F 0-1: Ground out 4-3 (Groundball, 4) Yoichibei Chikafuji to third
|
Batting: LHB Orlando Casillas
|
0-0: Ball 1-0: Foul Ball, location: 2F 1-1: Ball 2-1: Ball 3-1: SINGLE (Groundball, 56D) Yoichibei Chikafuji scores
|
Batting: RHB Cooper Lowe
|
0-0: Ball 1-0: Ball 2-0: Ball 3-0: Called Strike 3-1: Foul Ball, location: 2F 3-2: Base on Balls Orlando Casillas to second
|
Batting: RHB Olaf Esveld
|
0-0: Ball Orlando Casillas steals 3rd base 1-0: Foul Ball, location: 2F 1-1: Foul Ball, location: 2F 1-2: Strikes out swinging
|
Batting: RHB Jung-hwan Kwon
|
0-0: Ball 1-0: Swinging Strike 1-1: Ball 2-1: Called Strike 2-2: Strikes out looking
|
Top of the 8th over - 1 run, 2 hits, 0 errors, 2 left on base; Salt Lake City 2 - Sioux Falls 2 |
BOTTOM OF THE 8TH |
Sioux Falls Red Pandas batting - Pitching for Salt Lake City Buzz : RHP Hiroaki Nakagawa
|
Now in RF: Yoichibei Chikafuji
|
|
Batting: RHB Martinus Xhaka
|
0-0: Called Strike 0-1: Foul Ball, location: 2F 0-2: Foul Ball, location: 2F 0-2: Ball 1-2: Ball 2-2: Foul Ball, location: 2F 2-2: Ground out 5-3 (Groundball, 56S)
|
Batting: RHB Steve Irwin
|
0-0: Foul Ball, location: 2F 0-1: Ball 1-1: Foul Ball, location: 2F 1-2: Foul Ball, location: 2F 1-2: Foul Ball, location: 2F 1-2: Ball 2-2: Ball 3-2: Fly out, F9 (Flyball, 89D)
|
Batting: LHB Robby Young
|
0-0: Ball 1-0: Called Strike 1-1: Ball 2-1: SINGLE (Groundball, 56D)
|
Pitching: RHP Matko Perisc
|
|
Batting: SHB Kilipaki Malamapono
|
0-0: Called Strike 0-1: Ball 1-1: Ball 2-1: SINGLE (Groundball, 3D) Robby Young to second Runner from 2nd tries for 3rd, SAFE, no throw
|
Batting: LHB Richello Mabait
|
0-0: Ball 1-0: Called Strike 1-1: Swinging Strike 1-2: Strikes out looking
|
Bottom of the 8th over - 0 runs, 2 hits, 0 errors, 2 left on base; Salt Lake City 2 - Sioux Falls 2 |
TOP OF THE 9TH |
Salt Lake City Buzz batting - Pitching for Sioux Falls Red Pandas : RHP Cris Herrera
|
Batting: LHB Bob Daugherty
|
0-0: Ground out 4-3 (Groundball, 4)
|
Batting: RHB Germán Espantoso
|
0-0: Ground out 6-3 (Groundball, 6)
|
Batting: RHB Bill Chaundler
|
0-0: Swinging Strike 0-1: SOLO HOME RUN (Flyball, 9LD), Distance : 351 ft
|
Batting: RHB Yoichibei Chikafuji
|
0-0: Called Strike 0-1: Fly out, F8 (Flyball, 8RD)
|
Top of the 9th over - 1 run, 1 hit, 0 errors, 0 left on base; Salt Lake City 3 - Sioux Falls 2 |
BOTTOM OF THE 9TH |
Sioux Falls Red Pandas batting - Pitching for Salt Lake City Buzz : RHP Matko Perisc
|
Now at C: Chan-Wook Park
|
|
Now at SS: Pedro Martínez
|
|
Batting: LHB Tim Waters
|
0-0: Called Strike 0-1: Ball 1-1: Foul Ball, location: 2F 1-2: Ball 2-2: Ball 3-2: Ground out 6-3 (Groundball, 6)
|
Batting: LHB Terrence Eler
|
0-0: Ball 1-0: Called Strike 1-1: Ground out U3 (Groundball, 3)
|
Pinch Hitting: LHB Mark Armstead
|
0-0: Fly out, F8 (Flyball, 8LM)
|
Bottom of the 9th over - 0 runs, 0 hits, 0 errors, 0 left on base; Salt Lake City 3 - Sioux Falls 2 |
|